 Dungeon Crawl Stone Soup version 0.23.2-33-g5129a83184 (webtiles) character file.

Game seed: 16355602354921390265

49 Sylven the Slasher (level 4, 0/35 HPs)
             Began as a Human Berserker on July 28, 2019.
             Was a Believer of Trog.
             Slain by an adder (3 damage)
             ... on level 3 of the Dungeon.
             The game lasted 00:16:11 (907 turns).

Sylven the Slasher (Human Berserker)                 Turns: 907, Time: 00:16:12

Health: 0/35       AC:  9    Str: 18    XL:     4   Next: 2%
Magic:  4/4        EV:  8    Int:  8    God:    Trog [**....]
Gold:   11         SH:  0    Dex: 12    Spells: 3/3 levels left

rFire    . . .     SeeInvis .   p - +0 rapier
rCold    . . .     Gourm    .   (no shield)
rNeg     . . .     Faith    .   h - +1 chain mail
rPois    .         Spirit   .   (no helmet)
rElec    .         Reflect  .   (no cloak)
rCorr    +         Harm     .   (no gloves)
MR       .....                  (no boots)
Stlth    ..........             (no amulet)
HPRegen  0.11/turn              n - ring of resist corrosion
MPRegen  0.09/turn              q - ring of wizardry

@: lethally poisoned (0 -> -1), berserk cooldown, slowed, very slow
A: no striking features
a: Berserk, Trog's Hand, Renounce Religion


You were on level 3 of the Dungeon.
You worshipped Trog.
Trog was pleased with you.
You were near starving.

You visited 1 branch of the dungeon, and saw 4 of its levels.

You collected 11 gold pieces.

Inventory:

Hand Weapons
 a - a +0 falchion
 k - a +0 spear
 p - a +0 rapier (weapon)
Missiles
 d - 39 bolts
 g - 10 poisoned needles
 i - 111 stones (quivered)
 m - 16 arrows
Armour
 b - a +0 animal skin
 e - a +0 scale mail
 h - a +1 chain mail (worn)
Jewellery
 n - a ring of resist corrosion (left hand)
 q - a ring of wizardry (right hand)
Scrolls
 o - a scroll of teleportation
Potions
 l - a potion of brilliance
Comestibles
 c - 2 rations
 f - a chunk of flesh


   Skills:
 + Level 3.4 Fighting
 + Level 3.6 Long Blades
 + Level 2.1 Armour
 + Level 2.6 Dodging


You had 3 spell levels left.
You didn't know any spells.
Your spell library was empty.

Dungeon Overview and Level Annotations

Branches:
Dungeon (4/15)             Temple (0/1) D:4

Altars:
Qazlal

Annotations:
D:3 Terence


Message History

You hit the adder.
The adder is heavily wounded.
The adder bites you but does no damage. The adder closely misses you.
The adder bites you but does no damage. x2
You puncture the adder!
You kill the adder!
Trog accepts your kill.
You have reached level 4!
You feel clever.
You feel sick. The adder bites you but does no damage.
Terence shouts, "Get ready for death!"
The adder closely misses you. Terence barely misses you.
You puncture the adder!
The adder is severely wounded.
The adder bites you but does no damage. Terence hits you but does no damage.
The adder barely misses you.
Your chain mail prevents you from hitting the adder.
The adder is severely wounded.
You feel sick. The adder bites you.
You die...

******,*****,***#####,*****,*,,
*,,,,,,,,,,,,,,,.....,,,,,,,,*,
*,****,*****,***#...,,,,,**,,,,
*,* *,* *,* #..##,*****,,.. *,*
*,* *,* #...######***#. *,*
*,####*,*###...≈≈S≈≈≈≈∩≈#. *,*
*,,....,*#....####****###. *<*
**,.###..##S#÷)##.# *... *,*
*,,.......@@.)(##.# *##. *,*
*,*.########.().#.# #.. *,*
*,*,* #..#.#.### *#. *,* *,*,*
#..#.....# ###. *,* *,*,*
#..#.###.####... *,*
*,*,*******#..#.# #........ *,*
*,*,,,,,,,,...#.#*#.#......
*,***,*,******###.#............
***,,,,,,,* #.#######......


You could see Terence and an adder.

Vanquished Creatures
  An adder (D:3)
  2 dart slugs (D:1)
  3 leopard geckos
  An orc (D:3)
  2 giant cockroaches (D:1)
  3 goblins
  4 hobgoblins
  A quokka (D:2)
  3 bats (D:1)
  5 frilled lizards
  5 kobolds
  3 rats
33 creatures vanquished.

Notes
Turn   | Place    | Note
-------+----------+-------------------------------------------
     0 | D:1      | Sylven the Human Berserker began the quest for the Orb.
     0 | D:1      | Reached XP level 1. HP: 18/18 MP: 1/1
    84 | D:1      | Reached XP level 2. HP: 20/24 MP: 2/2
   329 | D:1      | Reached XP level 3. HP: 22/29 MP: 3/3
   766 | D:2      | Found a stormy altar of Qazlal.
   789 | D:2      | You fall through a shaft for 2 floors!
   825 | D:3      | Noticed Terence
   876 | D:3      | Reached ** piety under Trog
   905 | D:3      | Reached XP level 4. HP: 5/35 MP: 4/4
   907 | D:3      | Slain by an adder

Action                   |  1- 3 |  4- 6 || total
-------------------------+-------+-------++-------
Melee: Falchion          |    72 |       ||    72
       Rapier            |    40 |     2 ||    42
Throw: Stone             |     4 |       ||     4
Invok: Berserk           |     2 |       ||     2
  Use: Scroll            |     6 |       ||     6
       Potion            |     5 |       ||     5
Armor: Animal skin       |     2 |       ||     2
       Chain mail        |    95 |     3 ||    98
Dodge: Dodged            |    87 |     3 ||    90
       Rpst.: Falchion   |    14 |       ||    14
